 Dungeon Crawl Stone Soup version 0.17.0-57-g0e89251 (webtiles) character file.

2843 timbw the Carver (level 9, -9/64 HPs)
             Began as an Octopode Berserker on Dec 7, 2015.
             Was a Priest of Trog.
             Mangled by an unseen horror (12 damage)
             ... on level 10 of the Dungeon.
             The game lasted 00:12:09 (2292 turns).

timbw the Carver (Octopode Berserker)               Turns: 2292, Time: 00:12:09

Health: -9/64      AC:  1    Str: 16    XL:     9   Next: 74%
Magic:  9/9        EV: 20    Int:  9    God:    Trog [***...]
Gold:   184        SH:  0    Dex: 15    Spells: 0 memorised, 8 levels left

rFire  + . .     SeeInvis .     a - +0 falchion
rCold  + . .     Clarity  .     (no shield)
rNeg   . . .     SustAt   .     (helmet restricted)
rPois  +         Gourm    .     (no amulet)
rElec  +         Spirit   .     i - +4 ring of evasion
rCorr  +         Warding  .     (no ring)
rMut   .         Stasis   .     (no ring)
MR     ++...                    (no ring)
Stlth  ++........               (no ring)
                                (no ring)
                                (no ring)
                                (no ring)

@: exhausted, resistant, regenerating, very resistant to hostile enchantments,
unstealthy
A: almost no armour, amphibious, 8 rings, constrict 8, camouflage 1, gelatinous
body 1
a: Berserk, Trog's Hand, Burn Spellbooks, Renounce Religion


You were on level 10 of the Dungeon.
You worshipped Trog.
Trog was most pleased with you.
You were not hungry.

You visited 1 branch of the dungeon, and saw 10 of its levels.

You collected 184 gold pieces.

Inventory:

Hand Weapons
 a - a +0 falchion (weapon)
 d - a +0 dagger
 n - a +1 dagger of draining
Jewellery
 i - a +4 ring of evasion (left tentacle)
Wands
 h - a wand of random effects (11)
Scrolls
 l - a scroll of enchant weapon
 q - a scroll of torment {unknown}
 r - 2 scrolls of remove curse {unknown}
 s - a scroll of enchant armour {unknown}
 u - a scroll of magic mapping {unknown}
Potions
 e - 2 potions of brilliance
 j - a potion of degeneration {unknown}
 o - a potion of curing {unknown}
 p - a potion of flight {unknown}
 t - a potion of agility
Books
 k - a book of the Dragon

   Spells                             Type                      Level
   a - Flame Tongue                   Conjuration/Fire             1
   b - Cause Fear                     Hexes                        4
   c - Bolt of Fire                   Conjuration/Fire             6
   d - Dragon Form                    Transmutation                7
   e - Dragon's Call                  Summoning                    9
   Trog disapproves of the use of such an item.
Comestibles
 b - 4 bread rations
 f - 6 fruits
 g - 2 beef jerkies
 m - 2 meat rations
 v - 6 chunks of flesh


   Skills:
 + Level 7.2 Fighting
 * Level 9.8 Long Blades
 + Level 7.2 Dodging


You had 8 spell levels left.
You didn't know any spells.

Dungeon Overview and Level Annotations

Branches:
Dungeon (10/15)              Lair (0/8) D:9
 Temple: D:4-7          Orc: D:9-12

Altars:
Elyvilon
Sif Muna

Annotations:
D:3 Sigmund


Innate Abilities, Weirdness & Mutations

You cannot wear most types of armour.
You are amphibious.
You can wear up to eight rings at the same time.
You can use your tentacles to constrict eight enemies at once.
Your skin changes colour to match your surroundings (Stealth).
Your rubbery body absorbs attacks (AC +1).


Message History

* * * LOW HITPOINT WARNING * * *
The orc completely misses you.
An orc wizard comes into view. It is wielding a dagger of speed.
You hit the orc. Your grab misses the orc.
The orc is moderately wounded.
Something hits you!
* * * LOW HITPOINT WARNING * * *
You're too exhausted to go berserk.
You're too exhausted to go berserk.
Your skin crawls.
You feel resistant to hostile enchantments.
You feel slightly more hungry. Something hits you.
* * * LOW HITPOINT WARNING * * *
The orc completely misses you.
An orc comes into view.
Drink which item? (? for menu, Esc to quit)
It was a potion of resistance.
You feel protected. Something hits you!
You die...

........
#........# #
#........# .#
.........# #.#
... ...#...#+#
... ..#....?.
#####.##........
.........>.o....
#####.@#..#####
#o)#..# ##o#.5#
.....# ..#...
##....#o ##...#.
.


You could see an orc wizard and 2 orcs.

Vanquished Creatures
  Joseph (D:8)
  A blink frog (D:9)
  A two-headed ogre (D:9)
  A hungry ghost (D:8)
  A porcupine (D:9)
  A sky beast (D:9)
  A phantom (D:8)
  A necrophage (D:6)
  3 orc warriors
  A centaur (D:6)
  2 ogres
  A crocodile (D:8)
  A big kobold (D:8)
  5 giant frogs
  A scorpion (D:9)
  3 hounds
  A giant frog zombie (D:8)
  2 crimson imps
  3 orc wizards
  2 giant frog skeletons
  A jelly (D:8)
  An iguana (D:7)
  2 worker ants
  A hell rat (D:9)
  2 adders
  4 gnolls
  A river rat (D:9)
  2 shadow imps
  A white imp (D:5)
  A worm (D:2)
  2 giant geckos
  21 orcs
  2 bats
  A goblin (D:3)
  A hobgoblin (D:3)
  4 jackals (D:6)
  A quokka (D:9)
  A giant gecko zombie (D:6)
  2 giant newts
  6 kobolds
  2 rats
92 creatures vanquished.

Notes
Turn   | Place    | Note
--------------------------------------------------------------
     0 | D:1      | timbw the Octopode Berserker began the quest for the Orb.
     0 | D:1      | Reached XP level 1. HP: 16/16 MP: 1/1
    34 | D:3      | Noticed Sigmund
   132 | D:2      | Reached XP level 2. HP: 14/21 MP: 2/2
   176 | D:3      | Reached XP level 3. HP: 22/26 MP: 3/3
   350 | D:3      | Reached skill level 4 in Long Blades
   350 | D:3      | Reached XP level 4. HP: 31/31 MP: 4/4
   462 | D:4      | Reached ** piety under Trog
   544 | D:5      | Entered Level 5 of the Dungeon
   562 | D:5      | Reached XP level 5. HP: 37/37 MP: 5/5
   621 | D:6      | Noticed an ogre
   625 | D:6      | Noticed a necrophage
   625 | D:6      | Killed an ogre
   629 | D:6      | Killed a necrophage
   629 | D:6      | Reached skill level 5 in Long Blades
   629 | D:6      | Reached XP level 6. HP: 44/44 MP: 6/6
   855 | D:6      | Found a white marble altar of Elyvilon.
   866 | D:6      | Noticed a centaur
   879 | D:6      | Killed a centaur
   879 | D:6      | Reached XP level 7. HP: 29/49 MP: 7/7
   960 | D:6      | Reached skill level 6 in Long Blades
  1093 | D:7      | Reached skill level 5 in Fighting
  1156 | D:9      | Found a staircase to the Lair.
  1156 | D:9      | Noticed a blink frog
  1161 | D:9      | Reached skill level 5 in Dodging
  1164 | D:9      | Killed a blink frog
  1164 | D:9      | Reached skill level 7 in Long Blades
  1164 | D:9      | Reached XP level 8. HP: 52/56 MP: 8/8
  1349 | D:8      | Found a white marble altar of Elyvilon.
  1386 | D:7      | Found a deep blue altar of Sif Muna.
  1539 | D:8      | Reached *** piety under Trog
  1539 | D:8      | Reached skill level 8 in Long Blades
  1621 | D:8      | Noticed Joseph
  1631 | D:8      | Noticed a hungry ghost
  1637 | D:8      | Killed Joseph
  1637 | D:8      | Reached XP level 9. HP: 51/63 MP: 9/9
  1651 | D:8      | Killed a hungry ghost
  1651 | D:8      | Reached skill level 9 in Long Blades
  1853 | D:8      | Found Kagrouxi's Gadget Boutique.
  2230 | D:9      | Noticed a two-headed ogre
  2244 | D:9      | Killed a two-headed ogre
  2277 | D:10     | Entered Level 10 of the Dungeon
  2291 | D:10     | HP: 2/64 [something (5)]
  2292 | D:10     | Mangled by an unseen horror

Action                   |  1- 3 |  4- 6 |  7- 9 || total
-------------------------+-------+-------+-------++-------
Melee: Falchion          |    30 |    54 |   179 ||   263
Invok: Berserk           |     2 |     4 |     8 ||    14
       Trog's Hand       |       |     1 |     5 ||     6
  Use: Potion            |     1 |       |     1 ||     2
       Scroll            |       |       |     3 ||     3
 Stab: Sleeping          |       |     1 |     5 ||     6
       Distracted        |       |       |     1 ||     1
  Eat: Chunk             |       |     6 |    13 ||    19
       Bread ration      |       |       |     1 ||     1
